 Dungeon Crawl Stone Soup version 0.19.1 (console) character file.

123109 Kloppie the Phalangite (level 16, -12/211 HPs)
             Began as a Merfolk Berserker on Nov 29, 2016.
             Was the Champion of Trog.
             Mangled by a shock serpent (14 damage)
             ... on level 2 of the Snake Pit on Dec 1, 2016.
             The game lasted 00:49:48 (22354 turns).

Kloppie the Phalangite (Merfolk Berserker)         Turns: 22354, Time: 00:49:48

Health: -12/211    AC:  9    Str: 22    XL:     16   Next: 89%
Magic:  16/16      EV: 26    Int:  9    God:    Trog [******]
Gold:   1993       SH:  2    Dex: 19    Spells: 0 memorised, 15 levels left

rFire  + . .     SeeInvis .     B - +3 bardiche
rCold  + . .     Gourm    .     Q - +1 robe {rC+}
rNeg   . . .     Faith    .     (shield currently unavailable)
rPois  +         Spirit   .     H - +2 hat {MR+}
rElec  .         Reflect  +     O - +0 cloak
rCorr  .         Harm     .     T - +0 pair of gloves of Trial and Error {rF- Regen+ Int+5}
MR     +++++     Clarity  +     U - +1 pair of boots {run}
Stlth  ..........               I - +2 amulet of reflection
                                i - ring "Bokaquso" {rPois rF++ Int-4 Stlth+}
                                n - ring of protection from magic

@: berserking, regenerating, very quick
A: change form in water, swift swim, stealthy swim, clarity
a: Berserk, Trog's Hand, Brothers in Arms, Burn Spellbooks, Renounce Religion


You were on level 2 of the Snake Pit.
You worshipped Trog.
Trog was exalted by your worship.
You were very hungry.

You visited 4 branches of the dungeon, and saw 24 of its levels.
You also visited: Labyrinth and Ice Cave.

You collected 2891 gold pieces.
You spent 898 gold pieces at shops.

Inventory:

Hand Weapons
 a - a +4 halberd of flaming
 b - the +8 glaive of the Guard {elec, +Rage AC+5 SInv}
   (Trog gifted it to you on level 11 of the Dungeon)

   Occasionally, upon striking a foe, it will discharge some electrical energy
   and cause terrible harm.
   It affects your AC (+5).
   It lets you see invisible.
   It lets you go berserk.
 B - a +3 bardiche (weapon)
Armour
 H - a +2 hat of magic resistance (worn)
 O - a +0 cloak (worn)
 Q - a +1 robe of cold resistance (worn)
 T - the +0 pair of gloves of Trial and Error (worn) {rF- Regen+ Int+5}
   (You acquired it on level 1 of the Lair of Beasts)

   It affects your intelligence (+5).
   It makes you vulnerable to fire.
   It increases your rate of regeneration.
 U - a +1 pair of boots of running (worn)
 Z - the +5 scale mail "Yvoed" {Int+3}
   (You found it on level 6 of the Lair of Beasts)

   It affects your intelligence (+3).
Jewellery
 i - the ring "Bokaquso" (right hand) {rPois rF++ Int-4 Stlth+}
   (You found it on level 15 of the Dungeon)

   [ring of poison resistance]

   It affects your intelligence (-4).
   It greatly protects you from fire.
   It protects you from poison.
   It makes you more stealthy.
 n - a ring of protection from magic (left hand)
 z - the ring of Immorality {+Inv rElec Dex+2}
   (You found it in an ice cave)

   [ring of dexterity]

   It affects your dexterity (+2).
   It insulates you from electricity.
   It lets you turn invisible.
 D - an uncursed ring of flight
 I - a +2 amulet of reflection (around neck)
 K - an uncursed ring of positive energy
 L - an uncursed ring of resist corrosion
 W - an uncursed amulet of guardian spirit
Wands
 d - a wand of disintegration (13/24)
 g - a wand of heal wounds (7/9)
 l - a wand of lightning (7/15)
 r - a wand of heal wounds (4/9)
 A - a wand of digging (8/24)
 F - a wand of teleportation (6/9)
 J - a wand of teleportation (3/9)
 X - a wand of acid (11/15)
Scrolls
 e - a scroll of enchant armour
 h - 3 scrolls of fear
 j - 14 scrolls of teleportation
 o - 3 scrolls of blinking
 p - 4 scrolls of enchant weapon
 u - 4 scrolls of recharging
 v - 3 scrolls of magic mapping
 w - 8 scrolls of remove curse
 y - 5 scrolls of identify
 E - a scroll of fog
 V - a scroll of silence
Potions
 f - a potion of flight
 k - 6 potions of heal wounds
 s - 9 potions of curing
 t - 3 potions of haste
 x - 4 potions of resistance
 C - 6 potions of might
 M - a potion of cancellation
 N - 2 potions of cure mutation
 S - 2 potions of invisibility
Comestibles
 c - 17 bread rations
 m - 8 meat rations
 q - 11 royal jellies
 G - 4 fruits
 P - 3 beef jerkies
 R - 3 chunks of flesh


   Skills:
 - Level 17.2 Fighting
 + Level 26.4 Polearms
 - Level 1.3 Armour
 - Level 16.3 Dodging


You had 15 spell levels left.
You didn't know any spells.

Dungeon Overview and Level Annotations

Branches:
Dungeon (15/15)            Temple (0/1) D:6            Lair (6/6) D:11
 Shoals (0/4) Lair:2        Snake (2/4) Lair:4        Slime (0/5) Lair:5
    Orc (1/2) D:12         Vaults (0/5) D:14         Depths (0/5) D:15

Altars:
Elyvilon
Fedhas
Kikubaaqudgha
Nemelex Xobeh
Okawaru
Ru
Uskayaw
The Shining One
Beogh

Shops:
D:13 =*


Innate Abilities, Weirdness & Mutations

You revert to your normal form in water.
You are very nimble and swift while swimming.
You are very stealthy in the water. (Stealth+)
You possess an exceptional clarity of mind.


Message History

You slice Donald!!
You kill Donald!
Trog accepts your kill.
Trog appreciates your killing of a magic user.
The shock serpent completely misses you.
The black mamba barely misses you.
There is a stone staircase leading up, spattered with blood here.
Things that are here:
a long sword of electrocution; a chain mail; a glowing shield {Donald} You barely miss the black mamba.
The black mamba bites you.
* * * LOW HITPOINT WARNING * * *
The shock serpent bites you!
* * * LOW HITPOINT WARNING * * *
The shock serpent shocks you!
* * * LOW HITPOINT WARNING * * *
You barely miss the black mamba. You block the black mamba's attack.
You miss the black mamba. The shock serpent bites you!
* * * LOW HITPOINT WARNING * * *
The shock serpent shocks you!
You die...

..$...[## #.......#
#....)..# #....(..#
#.....# #####....##
.#########.........###
........S@S..........#####
.#########...........(....
#............####
#..†.....###.# #....<...#
#.# ####.##### ... #.#
..[. #.# ...... #$#
.......


You could see a shock serpent and a black mamba.

Vanquished Creatures
  Gastronok (D:11)
  Kirke (Lair:4)
  Donald (Snake:2)
  A frost giant (D:15)
  A stone giant (D:15)
  2 very ugly things (D:15)
  Azrael (D:15)
  A minotaur (Lab)
  2 ettins (D:15)
  12 vault guards
  2 fire dragons
  The ghost of rastmirit the Cleaver, a journeyman MiFi of Trog (D:12)
  Josephine (D:10)
  2 ice dragons (IceCv)
  The ghost of TheSquall the Fencer, a journeyman MiFi of Okawaru (D:12)
  8 hydras
  Fannar (D:11)
  Harold (D:10)
  Erolcha (D:13)
  A death knight (D:15)
  2 catoblepae
  2 anacondas (Snake:1)
  9 centaur warriors
  4 tengu warriors
  A deep troll shaman (D:15)
  Nergalle (D:10)
  6 naga sharpshooters (Snake:1)
  2 shock serpents
  7 skeletal warriors
  3 unseen horrors
  2 flayed ghosts (D:15)
  A naga ritualist (D:15)
  2 deep elf archers (D:15)
  11 hill giants
  A wolf spider zombie (D:12)
  A wolf spider (D:15)
  5 ugly things
  A deep elf mage (D:15)
  A mana viper (Snake:1)
  3 cyclopes
  2 salamanders (Snake:1)
  2 manticores (D:15)
  4 guardian serpents (D:15)
  16 elephants
  2 ice statues (IceCv)
  9 black mambas
  3 centaur zombies
  6 spiny frogs
  3 naga magi
  2 centaur skeletons
  9 komodo dragons
  The ghost of Tyryt0 the Sneak, a novice OpFi (D:5)
  A kobold demonologist (D:15)
  An efreet (D:14)
  8 rime drakes
  4 tengu conjurers
  4 two-headed ogres
  A polar bear (Lair:5)
  3 meliai (D:15)
  A hornet (shapeshifter) (D:14)
  7 trolls
  5 blink frogs (Lair:6)
  A hornet (D:12)
  14 hippogriffs
  3 slime creatures (Lair:5)
  5 dream sheep (Lair:6)
  2 meliai zombies
  5 wraiths
  A spriggan (Lair:1)
  A shadow (D:15)
  4 water elementals (D:14)
  A wyvern (D:13)
  A fire elemental (D:15)
  8 basilisks
  2 hogs (Lair:4)
  18 yaks
  3 vampire mosquitoes (D:15)
  5 mottled dragons
  12 nagas
  9 water moccasins
  8 porcupines
  6 hell hounds (D:15)
  17 ice beasts
  2 swamp drakes (Lair:6)
  2 eyes of draining
  17 orc warriors
  2 sky beasts (D:7)
  A hornet zombie (D:10)
  5 black bears
  11 wolves
  6 ogres
  18 centaurs
  15 crocodiles
  3 big kobolds
  Blork the orc (D:4)
  A gnoll sergeant (D:13)
  11 bullfrogs
  A wyvern skeleton (D:10)
  4 scorpions
  A water moccasin skeleton (D:4)
  22 killer bees
  5 howler monkeys
  12 wights
  5 electric eels
  6 crimson imps
  2 hounds
  10 orc priests
  14 jellies
  3 bullfrog skeletons (D:8)
  2 gnoll shamans (D:6)
  18 orc wizards
  Jessica (D:3)
  8 iguanas
  Natasha (thrice) (D:4)
  15 worker ants
  A hound zombie (D:6)
  3 hound skeletons
  18 gnolls
  16 adders
  6 shadow imps
  8 oozes
  An adder skeleton (D:7)
  A worm (D:5)
  A dart slug (D:3)
  6 leopard geckos
  58 orcs
  A ball python (D:7)
  2 giant cockroaches
  6 goblins
  10 hobgoblins
  16 jackals
  17 kobolds
  9 quokkas
  4 bats
  4 frilled lizards
  A leopard gecko zombie (D:8)
  A quokka skeleton (D:4)
  6 rats
  3 plants (D:5)
753 creatures vanquished.

Vanquished Creatures (others)
  A human (Lair:4)
  4 fungi
  3 plants (Lair:6)
  4 toadstools (D:1)
12 creatures vanquished.

Grand Total: 765 creatures vanquished

Notes
Turn   | Place    | Note
-------+----------+-------------------------------------------
     0 | D:1      | Kloppie the Merfolk Berserker began the quest for the Orb.
     0 | D:1      | Reached XP level 1. HP: 18/18 MP: 1/1
   267 | D:1      | Reached skill level 5 in Polearms
   267 | D:1      | Reached XP level 2. HP: 24/24 MP: 2/2
   567 | D:1      | Reached XP level 3. HP: 29/29 MP: 3/3
   750 | D:1      | Reached ** piety under Trog
   750 | D:1      | Reached skill level 6 in Polearms
   855 | D:2      | Found a blossoming altar of Fedhas.
   944 | D:2      | Found a white marble altar of Elyvilon.
  1190 | D:2      | Reached XP level 4. HP: 30/37 MP: 4/4
  1505 | D:3      | Noticed Jessica
  1515 | D:3      | Killed Jessica
  1515 | D:3      | Reached skill level 7 in Polearms
  1630 | D:3      | Reached XP level 5. HP: 42/42 MP: 5/5
  1826 | D:3      | Noticed a hippogriff
  1833 | D:3      | Killed a hippogriff
  1833 | D:3      | Reached skill level 5 in Fighting
  1833 | D:3      | Reached skill level 9 in Polearms
  1833 | D:3      | Reached XP level 6. HP: 51/51 MP: 6/6
  2176 | D:4      | Noticed Blork the orc
  2186 | D:4      | Killed Blork the orc
  2186 | D:4      | Reached XP level 7. HP: 56/56 MP: 7/7
  2287 | D:4      | Noticed Natasha
  2297 | D:4      | Killed Natasha
  2297 | D:4      | Reached skill level 10 in Polearms
  2391 | D:4      | Reached *** piety under Trog
  2494 | D:4      | Noticed Natasha
  2503 | D:4      | Killed Natasha
  2618 | D:4      | Noticed Natasha
  2634 | D:4      | Killed Natasha
  3176 | D:5      | Entered Level 5 of the Dungeon
  3180 | D:5      | Noticed Tyryt0's ghost (novice OpFi)
  3190 | D:5      | Killed Tyryt0's ghost
  3190 | D:5      | Reached skill level 11 in Polearms
  3190 | D:5      | Reached XP level 8. HP: 65/65 MP: 8/8
  3329 | D:5      | Reached skill level 12 in Polearms
  4140 | D:6      | Reached **** piety under Trog
  4150 | D:6      | Reached skill level 13 in Polearms
  4269 | D:6      | Reached XP level 9. HP: 70/72 MP: 9/9
  4507 | D:6      | Found a staircase to the Ecumenical Temple.
  4889 | D:6      | Noticed a troll
  4897 | D:6      | Killed a troll
  4897 | D:6      | Reached skill level 14 in Polearms
  5345 | D:7      | Reached skill level 5 in Dodging
  5417 | D:7      | Reached skill level 15 in Polearms
  5922 | D:7      | Reached ***** piety under Trog
  6057 | D:7      | Reached XP level 10. HP: 80/80 MP: 10/10
  6165 | D:7      | You fall through a shaft for 2 floors!
  6238 | D:8      | Reached skill level 16 in Polearms
  7003 | D:8      | Found an ancient bone altar of Kikubaaqudgha.
  7004 | D:8      | Found an iron altar of Okawaru.
  7062 | D:8      | Found a faded altar of an unknown god.
  7062 | D:8      | Found a faded altar of an unknown god.
  7068 | D:8      | Found a faded altar of an unknown god.
  7071 | D:8      | Found a faded altar of an unknown god.
  7073 | D:8      | Found a sparkling altar of Nemelex Xobeh.
  7211 | D:9      | Reached skill level 17 in Polearms
  7928 | D:10     | Entered Level 10 of the Dungeon
  7996 | D:10     | Noticed Harold
  8019 | D:10     | Killed Harold
  8019 | D:10     | Reached skill level 18 in Polearms
  8019 | D:10     | Reached XP level 11. HP: 61/85 MP: 11/11
  8135 | D:10     | Noticed a hill giant
  8150 | D:10     | Killed a hill giant
  8196 | D:10     | Noticed Nergalle
  8206 | D:10     | Killed Nergalle
  8278 | D:10     | Noticed a hill giant
  8288 | D:10     | Killed a hill giant
  8337 | D:10     | Noticed Josephine
  8350 | D:10     | Killed Josephine
  8350 | D:10     | Reached skill level 19 in Polearms
  8350 | D:10     | Reached skill level 10 in Dodging
  8356 | D:10     | Reached ****** piety under Trog
  9277 | D:11     | Received a gift from Trog
  9348 | D:11     | Noticed a hill giant
  9355 | D:11     | Killed a hill giant
  9364 | D:11     | Found a staircase to the Lair.
  9390 | D:11     | Identified a scroll of acquirement
  9405 | D:11     | Noticed Fannar
  9426 | D:11     | Killed Fannar
  9737 | D:11     | Reached skill level 20 in Polearms
  9750 | D:11     | Noticed Gastronok
  9759 | D:11     | Killed Gastronok
  9759 | D:11     | Reached XP level 12. HP: 97/97 MP: 12/12
  9805 | D:11     | Noticed a centaur warrior
  9808 | D:11     | Killed a centaur warrior
  9808 | D:11     | Reached skill level 10 in Fighting
 10408 | Lair:1   | Entered Level 1 of the Lair of Beasts
 11056 | Lair:2   | Found a labyrinth entrance.
 11078 | Lab      | Entered a labyrinth
 11458 | Lab      | Noticed a minotaur
 11463 | Lab      | Killed a minotaur
 11504 | Lab      | Got a scorched halberd
 11509 | Lair:2   | Identified the +6 halberd of Scorn {venom, rPois rF+ MR+} (You found it in a labyrinth)
 11610 | Lair:2   | Found a staircase to the Shoals.
 11679 | Lair:2   | Received a gift from Trog
 11738 | Lair:2   | Reached XP level 13. HP: 112/112 MP: 13/13
 12187 | Lair:2   | Received a gift from Trog
 12546 | Lair:2   | Identified a +4 rod of inaccuracy (10/10) (You took it off a minotaur in a labyrinth)
 12767 | Lair:3   | Reached skill level 15 in Fighting
 13508 | Lair:4   | Found a frozen archway.
 13516 | IceCv    | Entered an ice cave
 13715 | IceCv    | Noticed an ice dragon
 13727 | IceCv    | Killed an ice dragon
 13732 | IceCv    | Noticed an ice dragon
 13746 | IceCv    | Killed an ice dragon
 13803 | IceCv    | Got a slimy bone ring
 13869 | IceCv    | Identified the ring of Immorality {+Inv rElec Dex+2} (You found it in an ice cave)
 13890 | Lair:4   | Noticed Kirke
 13907 | Lair:4   | Killed Kirke
 14335 | Lair:4   | Found a staircase to the Snake Pit.
 14338 | Lair:4   | Reached XP level 14. HP: 126/126 MP: 14/14
 14656 | Lair:5   | Found a staircase to the Slime Pits.
 15673 | D:12     | Noticed rastmirit's ghost (journeyman MiFi)
 15683 | D:12     | Killed rastmirit's ghost
 15865 | D:12     | Found a roughly hewn altar of Beogh.
 15941 | D:12     | Found a staircase to the Orcish Mines.
 15983 | D:12     | Noticed TheSquall's ghost (journeyman MiFi)
 15992 | D:12     | Killed TheSquall's ghost
 16203 | D:12     | Received a gift from Trog
 16249 | Orc:1    | Entered Level 1 of the Orcish Mines
 16450 | D:13     | Found Juseb's General Store.
 16452 | D:13     | Noticed Erolcha
 16465 | D:13     | Killed Erolcha
 16521 | D:13     | Bought a +2 amulet of reflection for 450 gold pieces
 16564 | D:13     | Found Kumam's Jewellery Boutique.
 16571 | D:13     | Bought a cursed -5 ring of slaying for 28 gold pieces
 16571 | D:13     | Bought an uncursed amulet of guardian spirit for 420 gold pieces
 16632 | D:13     | Reached skill level 15 in Dodging
 17223 | D:14     | Received a gift from Trog
 17225 | D:14     | Got an ancient glaive {god gift}
 17226 | D:14     | Identified the +5 glaive of Bodily Harmony {freeze, *Noise rElec rN+ MR++} (Trog gifted it to you on level 14 of the Dungeon)
 17443 | D:14     | Found a gate to the Vaults.
 17469 | D:14     | Reached XP level 15. HP: 111/134 MP: 12/15
 17574 | D:14     | Reached skill level 21 in Polearms
 17858 | D:15     | Entered Level 15 of the Dungeon
 17916 | D:15     | Found a sacrificial altar of Ru.
 17974 | D:15     | Got a coiled copper ring
 17978 | D:15     | Identified the ring "Giebb" {MP+9 SInv} (You found it on level 15 of the Dungeon)
 18383 | D:15     | Reached skill level 22 in Polearms
 18648 | D:15     | Found a glowing golden altar of the Shining One.
 18734 | D:15     | Got a steaming golden ring
 18736 | D:15     | Identified the ring "Allas" {Fire rN+ MR+ Dex+2 Stlth+} (You found it on level 15 of the Dungeon)
 19005 | D:15     | Reached skill level 23 in Polearms
 19007 | D:15     | Received a gift from Trog
 19023 | D:15     | Got a sparkling iron ring
 19025 | D:15     | Identified the ring "Bokaquso" {rPois rF++ Int-4 Stlth+} (You found it on level 15 of the Dungeon)
 19039 | D:15     | Found a hide-covered altar of Uskayaw.
 19106 | D:15     | Found a staircase to the Depths.
 19129 | D:15     | Noticed Azrael
 19159 | D:15     | Killed Azrael
 19267 | D:15     | Reached XP level 16. HP: 124/141 MP: 12/16
 19334 | D:15     | Reached skill level 24 in Polearms
 19856 | Lair:1   | Got a pair of spiked gloves
 19867 | Lair:1   | Identified the +0 pair of gloves of Trial and Error {rF- Regen+ Int+5} (You acquired it on level 1 of the Lair of Beasts)
 19874 | Lair:1   | Identified a +1 pair of boots of running (You acquired it on level 1 of the Lair of Beasts)
 19937 | Lair:6   | Entered Level 6 of the Lair of Beasts
 20172 | Lair:6   | Reached skill level 25 in Polearms
 20187 | Lair:6   | Received a gift from Trog
 20195 | Lair:6   | Got a transparent glaive {god gift}
 20196 | Lair:6   | Identified the +1 glaive of Fiowitor {venom, rN+ Int-5 Dex+8} (Trog gifted it to you on level 6 of the Lair of Beasts)
 20261 | Lair:6   | Gained mutation: You possess an exceptional clarity of mind. [potion of beneficial mutation]
 20663 | Lair:6   | Got a topaz-encrusted scale mail
 20664 | Lair:6   | Identified the +5 scale mail "Yvoed" {Int+3} (You found it on level 6 of the Lair of Beasts)
 21115 | Snake:1  | Entered Level 1 of the Snake Pit
 21878 | Snake:1  | Reached skill level 26 in Polearms
 22324 | Snake:2  | Noticed Donald
 22350 | Snake:2  | Killed Donald
 22354 | Snake:2  | HP: 2/211 [shock serpent (13)]
 22354 | Snake:2  | Mangled by a shock serpent

Skill      XL: |  1  2  3  4  5  6  7  8  9 10 11 12 13 14 15 16 |
---------------+-------------------------------------------------+-----
Polearms       | 5 6 7 9 11 13 15 18 20 23 26 | 26.4
Fighting       | 4 5 6 7 9 13 16 17 | 17.2
Dodging        | 6 9 10 11 16 | 16.3
Armour         | |  1.3

Action                   |  1- 3 |  4- 6 |  7- 9 | 10-12 | 13-15 | 16-18 || total
-------------------------+-------+-------+-------+-------+-------+-------++-------
Melee: Spear             |   133 |    53 |       |       |       |       ||   186
       Trident           |       |    26 |   496 |   314 |    12 |       ||   848
       Tailslap          |       |       |     1 |       |     1 |     2 ||     4
       Halberd           |       |       |       |   138 |    14 |    14 ||   166
       Glaive            |       |       |       |   223 |   886 |   269 ||  1378
       Bardiche          |       |       |       |       |       |    97 ||    97
Invok: Berserk           |     2 |     4 |    12 |    10 |     4 |     3 ||    35
       Trog's Hand       |       |       |       |     2 |     7 |     2 ||    11
  Use: Scroll            |       |       |    18 |    16 |    14 |     7 ||    55
       Potion            |       |       |       |     2 |     3 |     1 ||     6
 Stab: Sleeping          |     4 |       |     3 |     9 |     9 |     7 ||    32
       Distracted        |       |     2 |       |     4 |     3 |     4 ||    13
       Petrified         |       |       |       |       |     2 |       ||     2
  Eat: Chunk             |     3 |     6 |    24 |    23 |    31 |     6 ||    93
       Fruit             |       |       |     1 |     1 |       |       ||     2
       Meat ration       |       |       |       |     1 |       |       ||     1
       Royal jelly       |       |       |       |       |       |     3 ||     3
Armor: Animal skin       |    11 |     7 |    60 |    71 |       |       ||   149
       Robe              |       |       |       |    27 |   132 |    43 ||   202
Dodge: Dodged            |    59 |    31 |   141 |   456 |   571 |   269 ||  1527
Block: Other             |       |       |       |       |     1 |     1 ||     2
